 Dungeon Crawl Stone Soup version 0.16.2-12-gd0ad4c3 (webtiles) character file.

245 faibistes the Magician (level 5, -2/28 HPs)
             Began as a Deep Elf Wizard on Dec 21, 2018.
             Slain by a worker ant (6 damage)
             ... on level 3 of the Dungeon.
             The game lasted 00:09:32 (4632 turns).

faibistes the Magician (Deep Elf Wizard)            Turns: 4632, Time: 00:09:32

Health: -2/28      AC:  3    Str:  4    XL:     5   Next: 83%
Magic:  2/21       EV: 13    Int: 24    God:
Gold:   139        SH:  0    Dex: 13    Spells: 6 memorised, 4 levels left

rFire  . . .     SeeInvis .     e - +0 dagger
rCold  . . .     Clarity  .     a - +0 robe
rNeg   . . .     SustAb   .     (no shield)
rPois  .         Gourm    .     b - +1 hat
rElec  .         Spirit   .     (no cloak)
rCorr  .         Warding  .     (no gloves)
rMut   .         Stasis   .     (no boots)
MR     .....                    (no amulet)
Stlth  ++........               t - ring of flight
                                (no ring)

@: lethally poisoned (-2 -> -5), very slightly contaminated, repel missiles, not
resistant to hostile enchantments, unstealthy
A: no striking features
a: Evoke Flight


You were on level 3 of the Dungeon.
You were not hungry.

You visited 1 branch of the dungeon, and saw 4 of its levels.

You collected 139 gold pieces.

Inventory:

Hand weapons
 e - a +0 dagger (weapon)
Armour
 a - a +0 robe (worn)
 b - a +1 hat (worn)
Jewellery
 t - a ring of flight (right hand)
Scrolls
 j - a scroll of enchant armour
 k - a scroll of teleportation
 l - a scroll of remove curse
 p - 2 scrolls of identify {unknown}
 q - a scroll of immolation {unknown}
 u - a scroll of fear {unknown}
Potions
 g - a potion of might {unknown}
 h - a potion of brilliance {unknown}
 i - a potion of cancellation {unknown}
 m - a potion of poison {unknown}
 n - a potion of heal wounds {unknown}
Books
 c - a book of Minor Magic

   Spells                             Type                      Level
   a - Magic Dart                     Conjuration                  1
   b - Blink                          Translocation                2
   c - Call Imp                       Summoning                    2
   d - Repel Missiles                 Charms/Air                   2
   e - Slow                           Hexes                        2
   f - Conjure Flame                  Conjuration/Fire             3
   g - Mephitic Cloud                 Conjuration/Poison/Air       3
Comestibles
 d - 3 bread rations
 f - a meat ration
 r - a beef jerky
 s - a chunk of flesh


   Skills:
 + Level 3.6 Dodging
 - Level 2.4 Stealth
 * Level 6.8 Spellcasting
 - Level 3.9 Conjurations
 - Level 1.1 Summonings
 * Level 1.4 Translocations


You had 4 spell levels left.
You knew the following spells:

 Your Spells              Type           Power        Failure   Level  Hunger
a - Magic Dart            Conj           ####         1%          1    None
b - Conjure Flame         Conj/Fire      ###.....     12%         3    None
c - Call Imp              Summ           ##......     10%         2    None
d - Blink                 Tloc           N/A          8%          2    None
e - Mephitic Cloud        Conj/Pois/Air  ##......     14%         3    None
f - Repel Missiles        Chrm/Air       #.....       12%         2    None


Dungeon Overview and Level Annotations

Branches:
Dungeon (4/15)
 Temple: D:4-7

Altars:


Message History

There is a stone staircase leading down here.
The worker ant completely misses you. The worker ant bites you.
Casting: Blink
Confirm with . or Enter, or press ? or * to list all spells.
You miscast Call Imp.
A fistful of eyes flickers past your view.
The worker ant bites you. The worker ant bites you.
* * * LOW HITPOINT WARNING * * *
You are poisoned.
The worker ant poisons you!
* * * LOW HITPOINT WARNING * * *
You feel sick.
* * * LOW HITPOINT WARNING * * *
You feel sick.
You see here a whip.
* * * LOW HITPOINT WARNING * * *
You feel sick. The worker ant bites you.
You die...

....................#.# ###.#####
.(......(...#.#######.# #.#
........#.###.# #.# #.#
..#...#....##># #.# #.#
#.##.##.#.##..# #.# #.#
#....##.#.##.## ####.# #.# ###
###..##.#.##)# ##....# #.# #..
#.......#.##.####...#######.# #..
#)..............@a)o.o......###..
..##.####.##.####...#######......
####.# #.##.# ##.## #......
####.# #.##.## #.# #o..)..
#.##.####.#.#.####.# #.###..
...#.......###.....# #o# #..
#.##......#.#.##.### #.# #..
...##.###.##.###.# #.# ###
#.......).#..# #.# #.#


You could see a worker ant and 2 orcs.

Vanquished Creatures
  2 worker ants (D:4)
  Natasha (D:4)
  A hound skeleton (D:4)
  A gnoll (D:2)
  4 adders
  A worm (D:2)
  A giant mite (D:2)
  An orc (D:4)
  2 ball pythons
  8 giant cockroaches
  10 hobgoblins
  8 bats
  2 giant geckos
  A giant newt (D:1)
  16 goblins
  11 kobolds
  8 rats
78 creatures vanquished.

Vanquished Creatures (collateral kills)
  A gnoll (D:1)
  A worm (D:1)
  An ooze (D:1)
  An orc (D:3)
  A giant newt (D:1)
5 creatures vanquished.

Vanquished Creatures (others)
  3 white imps
  A shadow imp (D:1)
4 creatures vanquished.

Grand Total: 87 creatures vanquished

Notes
Turn   | Place    | Note
--------------------------------------------------------------
     0 | D:1      | faibistes, the Deep Elf Wizard, began the quest for the Orb.
     0 | D:1      | Reached XP level 1. HP: 10/10 MP: 6/6
   462 | D:1      | Reached XP level 2. HP: 15/15 MP: 7/9
   483 | D:1      | Learned a level 2 spell: Blink
   486 | D:1      | Learned a level 2 spell: Call Imp
  1143 | D:1      | Reached skill level 5 in Spellcasting
  1210 | D:1      | Reached XP level 3. HP: 19/19 MP: 3/14
  1220 | D:1      | Learned a level 3 spell: Conjure Flame
  1224 | D:1      | Learned a level 3 spell: Mephitic Cloud
  2086 | D:2      | Reached XP level 4. HP: 24/24 MP: 12/17
  2095 | D:2      | Learned a level 2 spell: Repel Missiles
  3086 | D:2      | Reached skill level 6 in Spellcasting
  3887 | D:4      | Reached XP level 5. HP: 28/28 MP: 18/20
  4453 | D:4      | Noticed Natasha
  4460 | D:4      | Killed Natasha
  4560 | D:4      | Noticed an ogre
  4632 | D:3      | Slain by a worker ant

Action                   |  1- 3 |  4- 6 || total
-------------------------+-------+-------++-------
Melee: Dagger            |       |     2 ||     2
 Cast: Magic Dart        |    81 |   123 ||   204
       Call Imp          |     5 |     2 ||     7
       Mephitic Cloud    |       |     5 ||     5
       Blink             |       |     5 ||     5
       Repel Missiles    |       |     1 ||     1
       Conjure Flame     |       |     1 ||     1
  Use: Scroll            |       |     3 ||     3
       Potion            |       |     2 ||     2
  Eat: Chunk             |     3 |     8 ||    11
